[ AOE2 MATCH · #494457948 ]
UnrankedJapanese vs Wu
Player's team · WIN
[ REPLAY ANALYSIS · EXTRACTED FROM THE RECORDED GAME ]
Feudal
10:08
Castle
25:59
Imperial
—
| APM avg | 66.3 |
| APM peak | 112 |
| eAPM avg | 29.2 |
| Villagers / military | 71 / 46 |
Focus
⚔️ 47.6% · 🌾 52.4%
Fishing Ship ×21 · Unknown (2626) ×19 · Skirmisher ×13 · Archer ×10 · Knight ×7 · Militia ×7
Feudal
9:22
Castle
28:31
Imperial
—
| APM avg | 84.9 |
| APM peak | 134 |
| eAPM avg | 41.2 |
| Villagers / military | 58 / 47 |
Focus
⚔️ 36.2% · 🌾 63.8%
Skirmisher ×29 · Fishing Ship ×20 · Unknown (2626) ×12 · Scout Cavalry ×7 · Militia ×4 · Cavalry Archer ×4
Match map
Initial resources + every placement click. Lines = walls · curves = elevation contours. ◆ gold · ⬟ stone · ● berries · ✦ relic · ◌ wall gap
Your base· Open — unwalled flank
Smokey's base· Open — unwalled flank
Smoothed initial terrain · ◌ = detected wall gap · hover for details
Inputs per minute
— Biry - - Smokey
Build order — Biry
First 150 of 222 actions detected
| 0:01 | Create | Villager (Male) |
| 0:01 | Create | Villager (Male) |
| 0:01 | Create | Villager (Male) |
| 0:02 | Create | Villager (Male) |
| 0:02 | Create | Villager (Male) |
| 0:03 | Build | House |
| 0:04 | Build | House |
| 1:20 | Create | Villager (Male) |
| 1:53 | Build | Lumber Camp |
| 2:04 | Create | Villager (Male) |
| 2:04 | Create | Villager (Male) |
| 2:41 | Create | Villager (Male) |
| 3:03 | Create | Villager (Male) |
| 3:03 | Create | Villager (Male) |
| 3:19 | Build | Dock |
| 3:37 | Create | Villager (Male) |
| 3:37 | Create | Villager (Male) |
| 3:44 | Build | House |
| 3:57 | Build | Palisade Wall |
| 3:58 | Build | Palisade Wall |
| 4:03 | Create | Villager (Male) |
| 4:06 | Build | Palisade Wall |
| 4:25 | Create | Fishing Ship |
| 4:28 | Create | Villager (Male) |
| 4:28 | Create | Villager (Male) |
| 4:47 | Create | Villager (Male) |
| 5:01 | Create | Fishing Ship |
| 5:13 | Build | House |
| 5:17 | Create | Villager (Male) |
| 5:26 | Create | Villager (Male) |
| 5:45 | Create | Fishing Ship |
| 6:11 | Create | Villager (Male) |
| 6:14 | Create | Fishing Ship |
| 6:33 | Build | House |
| 6:43 | Create | Villager (Male) |
| 6:59 | Build | Barracks |
| 7:03 | Build | Palisade Wall |
| 7:04 | Build | Palisade Wall |
| 7:07 | Create | Villager (Male) |
| 7:30 | Research | Loom |
| 7:35 | Create | Fishing Ship |
| 7:35 | Create | Fishing Ship |
| 7:46 | Research | Feudal Age |
| 7:53 | Build | House |
| 8:05 | Create | Militia |
| 8:07 | Build | Mining Camp |
| 8:22 | Create | Militia |
| 8:42 | Create | Fishing Ship |
| 8:53 | Create | Militia |
| 8:59 | Build | House |
| 9:08 | Create | Militia |
| 9:12 | Build | Palisade Wall |
| 10:08 | Age | Feudal Age |
| 10:10 | Build | Archery Range |
| 10:11 | Research | Man-at-Arms (upgrade) |
| 10:12 | Research | Double-Bit Axe |
| 10:15 | Create | Unit 2626 |
| 10:26 | Create | Villager (Male) |
| 10:32 | Build | House |
| 10:42 | Create | Fishing Ship |
| 10:53 | Create | Archer |
| 11:02 | Create | Archer |
| 11:22 | Build | Dock |
| 11:25 | Create | Villager (Male) |
| 11:28 | Create | Skirmisher |
| 11:55 | Create | Villager (Male) |
| 11:57 | Create | Skirmisher |
| 11:58 | Create | Villager (Male) |
| 12:05 | Create | Villager (Male) |
| 12:11 | Create | Unit 2626 |
| 12:24 | Build | House |
| 12:31 | Create | Fishing Ship |
| 12:34 | Build | House |
| 12:47 | Create | Villager (Male) |
| 12:48 | Create | Skirmisher |
| 12:56 | Create | Archer |
| 12:56 | Create | Archer |
| 13:03 | Create | Villager (Male) |
| 13:13 | Create | Villager (Male) |
| 13:20 | Create | Unit 2626 |
| 13:24 | Create | Villager (Male) |
| 13:44 | Create | Villager (Male) |
| 13:59 | Create | Villager (Male) |
| 14:14 | Create | Villager (Male) |
| 14:17 | Build | Palisade Wall |
| 14:21 | Build | House |
| 14:28 | Create | Villager (Male) |
| 14:40 | Create | Villager (Male) |
| 14:50 | Create | Skirmisher |
| 14:50 | Create | Skirmisher |
| 15:04 | Create | Villager (Male) |
| 15:11 | Create | Villager (Male) |
| 15:17 | Create | Skirmisher |
| 15:30 | Build | Lumber Camp |
| 15:37 | Create | Skirmisher |
| 15:38 | Create | Skirmisher |
| 15:50 | Create | Fishing Ship |
| 15:52 | Create | Villager (Male) |
| 15:55 | Build | Mill |
| 16:05 | Create | Fishing Ship |
| 16:05 | Create | Fishing Ship |
| 16:12 | Create | Skirmisher |
| 16:39 | Create | Skirmisher |
| 16:43 | Create | Villager (Male) |
| 16:48 | Build | House |
| 16:50 | Create | Fishing Ship |
| 16:57 | Build | Dock |
| 16:59 | Build | House |
| 17:00 | Build | House |
| 17:10 | Build | Mining Camp |
| 17:30 | Create | Villager (Male) |
| 17:35 | Build | Stable |
| 17:49 | Create | Villager (Male) |
| 17:58 | Create | Militia |
| 17:59 | Create | Militia |
| 18:13 | Create | Skirmisher |
| 18:17 | Create | Scout Cavalry |
| 18:18 | Build | House |
| 18:40 | Build | Watch Tower |
| 18:46 | Create | Archer |
| 18:47 | Create | Archer |
| 18:50 | Create | Villager (Male) |
| 18:53 | Create | Scout Cavalry |
| 18:58 | Create | Unit 2626 |
| 18:58 | Create | Unit 2626 |
| 19:01 | Create | Villager (Male) |
| 19:04 | Create | Fishing Ship |
| 19:04 | Create | Fishing Ship |
| 19:36 | Create | Skirmisher |
| 19:36 | Create | Skirmisher |
| 19:46 | Create | Villager (Male) |
| 19:52 | Create | Villager (Male) |
| 19:53 | Create | Unit 2626 |
| 20:10 | Create | Villager (Male) |
| 20:13 | Build | Palisade Wall |
| 20:17 | Create | Villager (Male) |
| 20:37 | Create | Villager (Male) |
| 20:46 | Create | Fishing Ship |
| 20:46 | Create | Fishing Ship |
| 20:47 | Build | House |
| 20:48 | Build | House |
| 21:03 | Create | Archer |
| 21:03 | Create | Archer |
| 21:12 | Build | Watch Tower |
| 21:31 | Create | Villager (Male) |
| 21:33 | Create | Militia |
| 21:45 | Create | Villager (Male) |
| 21:46 | Create | Unit 2626 |
| 21:46 | Create | Unit 2626 |
| 22:00 | Create | Archer |
Build order — Smokey
First 150 of 230 actions detected
| 0:01 | Create | Villager (Male) |
| 0:01 | Create | Villager (Male) |
| 0:01 | Create | Villager (Male) |
| 0:02 | Build | House |
| 0:04 | Build | House |
| 0:48 | Create | Villager (Male) |
| 1:26 | Build | Lumber Camp |
| 1:29 | Create | Villager (Male) |
| 1:29 | Create | Villager (Male) |
| 1:56 | Create | Villager (Male) |
| 2:27 | Create | Villager (Male) |
| 2:28 | Create | Villager (Male) |
| 2:28 | Create | Villager (Male) |
| 3:07 | Create | Villager (Male) |
| 3:35 | Create | Villager (Male) |
| 3:35 | Create | Villager (Male) |
| 3:48 | Build | Dock |
| 3:54 | Build | House |
| 4:06 | Create | Villager (Male) |
| 4:06 | Create | Villager (Male) |
| 4:28 | Create | Fishing Ship |
| 4:29 | Create | Fishing Ship |
| 4:29 | Create | Fishing Ship |
| 4:29 | Create | Villager (Male) |
| 4:41 | Create | Villager (Male) |
| 4:42 | Create | Villager (Male) |
| 4:51 | Build | Palisade Wall |
| 4:51 | Build | Palisade Wall |
| 4:53 | Build | Palisade Wall |
| 4:55 | Build | House |
| 5:07 | Create | Villager (Male) |
| 5:19 | Create | Fishing Ship |
| 5:19 | Create | Fishing Ship |
| 5:44 | Create | Villager (Male) |
| 5:57 | Create | Fishing Ship |
| 5:57 | Create | Fishing Ship |
| 5:57 | Create | Fishing Ship |
| 6:15 | Research | Loom |
| 6:47 | Create | Villager (Male) |
| 7:05 | Research | Feudal Age |
| 7:13 | Build | Barracks |
| 8:01 | Build | Mining Camp |
| 8:05 | Build | House |
| 8:06 | Create | Militia |
| 8:11 | Create | Militia |
| 8:42 | Build | House |
| 8:50 | Create | Militia |
| 8:59 | Build | Palisade Wall |
| 9:15 | Create | Fishing Ship |
| 9:19 | Create | Villager (Male) |
| 9:22 | Age | Feudal Age |
| 9:31 | Build | Archery Range |
| 9:38 | Build | House |
| 9:43 | Build | Palisade Wall |
| 9:44 | Create | Villager (Male) |
| 9:46 | Research | Man-at-Arms (upgrade) |
| 10:09 | Create | Villager (Male) |
| 10:14 | Create | Militia |
| 10:20 | Create | Archer |
| 10:22 | Create | Villager (Male) |
| 10:37 | Build | Palisade Wall |
| 10:44 | Create | Spearman |
| 10:46 | Create | Villager (Male) |
| 10:51 | Build | Blacksmith |
| 10:53 | Build | Palisade Wall |
| 10:54 | Build | Palisade Wall |
| 11:15 | Create | Villager (Male) |
| 11:16 | Create | Villager (Male) |
| 11:40 | Create | Villager (Male) |
| 11:59 | Build | Mill |
| 12:05 | Create | Villager (Male) |
| 12:09 | Create | Skirmisher |
| 12:24 | Create | Villager (Male) |
| 12:33 | Build | House |
| 12:39 | Create | Skirmisher |
| 13:11 | Create | Villager (Male) |
| 13:15 | Create | Skirmisher |
| 13:15 | Create | Skirmisher |
| 13:20 | Research | Fletching |
| 13:20 | Research | Fletching |
| 13:32 | Build | Dock |
| 13:47 | Create | Villager (Male) |
| 13:50 | Create | Skirmisher |
| 13:53 | Build | Farm |
| 13:54 | Build | Farm |
| 13:56 | Build | Farm |
| 13:56 | Build | Farm |
| 14:33 | Create | Villager (Male) |
| 14:34 | Create | Villager (Male) |
| 14:36 | Create | Skirmisher |
| 14:50 | Create | Villager (Male) |
| 15:04 | Build | House |
| 15:09 | Build | Farm |
| 15:10 | Create | Fishing Ship |
| 15:11 | Create | Fishing Ship |
| 15:14 | Build | House |
| 15:16 | Create | Villager (Male) |
| 15:26 | Build | House |
| 15:41 | Create | Villager (Male) |
| 15:46 | Research | Double-Bit Axe |
| 15:46 | Research | Double-Bit Axe |
| 15:49 | Build | Farm |
| 15:50 | Create | Villager (Male) |
| 15:55 | Create | Fishing Ship |
| 15:59 | Create | Villager (Male) |
| 16:06 | Create | Skirmisher |
| 16:06 | Create | Skirmisher |
| 16:36 | Build | House |
| 16:37 | Build | Palisade Wall |
| 16:38 | Build | Palisade Wall |
| 16:39 | Build | Palisade Wall |
| 16:39 | Build | Palisade Wall |
| 16:39 | Build | Palisade Wall |
| 16:46 | Build | Lumber Camp |
| 16:49 | Build | House |
| 16:51 | Build | Palisade Wall |
| 16:52 | Create | Skirmisher |
| 17:06 | Build | Mining Camp |
| 17:08 | Create | Skirmisher |
| 17:15 | Create | Villager (Male) |
| 17:38 | Create | Skirmisher |
| 17:49 | Create | Villager (Male) |
| 17:50 | Create | Fishing Ship |
| 18:01 | Create | Unit 2626 |
| 18:03 | Build | Dock |
| 18:10 | Create | Villager (Male) |
| 18:15 | Build | Farm |
| 18:33 | Create | Villager (Male) |
| 18:41 | Build | House |
| 18:56 | Create | Unit 2626 |
| 18:57 | Create | Villager (Male) |
| 19:00 | Create | Skirmisher |
| 19:11 | Create | Skirmisher |
| 19:12 | Create | Villager (Male) |
| 19:15 | Build | Stable |
| 19:18 | Create | Unit 2626 |
| 19:24 | Create | Unit 2626 |
| 19:27 | Build | House |
| 19:39 | Create | Spearman |
| 19:40 | Create | Villager (Male) |
| 19:43 | Create | Skirmisher |
| 20:11 | Create | Scout Cavalry |
| 20:12 | Create | Scout Cavalry |
| 20:15 | Create | Villager (Male) |
| 20:15 | Create | Villager (Male) |
| 20:37 | Create | Skirmisher |
| 20:37 | Create | Skirmisher |
| 20:40 | Create | Scout Cavalry |
| 20:42 | Create | Villager (Male) |
| 20:42 | Create | Villager (Male) |
Match timeline
| 3:19 | Biry · first_building Dock |
| 3:48 | Smokey · first_building Dock |
| 3:57 | Biry · wall_segment Palisade Wall x1 |
| 3:58 | Biry · wall_segment Palisade Wall x1 |
| 4:06 | Biry · wall_segment Palisade Wall x1 |
| 4:51 | Smokey · wall_segment Palisade Wall x1 |
| 4:51 | Smokey · wall_segment Palisade Wall x1 |
| 4:53 | Smokey · wall_segment Palisade Wall x1 |
| 6:59 | Biry · first_building Barracks |
| 7:03 | Biry · wall_segment Palisade Wall x1 |
| 7:04 | Biry · wall_segment Palisade Wall x1 |
| 7:13 | Smokey · first_building Barracks |
| 8:59 | Smokey · wall_segment Palisade Wall x1 |
| 9:12 | Biry · wall_segment Palisade Wall x1 |
| 9:22 | Smokey · age_up feudal |
| 9:31 | Smokey · first_building Archery Range |
| 9:43 | Smokey · wall_segment Palisade Wall x1 |
| 10:08 | Biry · age_up feudal |
| 10:10 | Biry · first_building Archery Range |
| 10:37 | Smokey · wall_segment Palisade Wall x1 |
| 10:53 | Smokey · wall_segment Palisade Wall x1 |
| 10:54 | Smokey · wall_segment Palisade Wall x1 |
| 14:17 | Biry · wall_segment Palisade Wall x1 |
| 16:37 | Smokey · wall_segment Palisade Wall x1 |
| 16:38 | Smokey · wall_segment Palisade Wall x1 |
| 16:39 | Smokey · wall_segment Palisade Wall x1 |
| 16:39 | Smokey · wall_segment Palisade Wall x1 |
| 16:39 | Smokey · wall_segment Palisade Wall x1 |
| 16:51 | Smokey · wall_segment Palisade Wall x12 |
| 17:35 | Biry · first_building Stable |
| 19:15 | Smokey · first_building Stable |
| 20:13 | Biry · wall_segment Palisade Wall x1 |
| 23:00 | Smokey · first_market_buy 100 food |
| 23:01 | Smokey · first_market_sell 100 stone |
| 23:04 | Biry · first_market_buy 100 food |
| 23:52 | Smokey · wall_segment Palisade Wall x1 |
| 23:53 | Smokey · wall_segment Palisade Wall x1 |
| 24:15 | Biry · wall_segment Stone Wall x1 |
| 24:17 | Biry · wall_segment Stone Wall x1 |
| 25:59 | Biry · age_up castle |
| 26:34 | Smokey · wall_segment Palisade Wall x8 |
| 28:06 | Smokey · wall_segment Palisade Wall x1 |
| 28:08 | Smokey · wall_segment Palisade Wall x1 |
| 28:26 | Biry · first_building Castle |
| 28:31 | Smokey · age_up castle |
| 29:25 | Smokey · wall_segment Palisade Wall x1 |
| 29:42 | Smokey · resign |
[ AI ANALYSIS · 1 CREDIT ]
What really happened in this match?
Wolo.gg analyzes every decision: build order, eco, micro, common mistakes by bracket. Personalized analysis on WhatsApp or Discord in 30 seconds.
Civ guide
Japanese
Perfil
Jugador #23053479